| TOP OF THE 1ST |
|
New Orleans Brass batting - Pitching for Tacoma Rainiers : RHP Mike Trombley
|
|
Pitching: RHP Mike Trombley
|
|
|
Batting: SHB Cecil Espy
|
0-0: Ball 1-0: Called Strike 1-1: Called Strike 1-2: Ground out 5-3 (Groundball, 5, EV 110.0 MPH)
|
|
Batting: RHB Dante Powell
|
0-0: Ball 1-0: Ball 2-0: Foul Ball, location: 2F 2-1: Ball 3-1: SINGLE (Groundball, 56S, EV 63.8 MPH) (infield hit)
|
|
Batting: SHB Jose L Cruz
|
0-0: Ball 1-0: Swinging Strike 1-1: Foul Ball, location: 2F 1-2: Strikes out swinging
|
|
Batting: RHB Carmelo Martinez
|
0-0: Ball 1-0: Ball 2-0: Called Strike 2-1: SINGLE (Line Drive, 89M, EV 96.9 MPH) Dante Powell to second Runner from 2nd tries for 3rd, SAFE, no throw by CF
|
|
Batting: SHB Jose Vidro
|
0-0: Called Strike 0-1: Fly out, F8 (Flyball, 8LM, EV 83.8 MPH)
|
| Top of the 1st over - 0 runs, 2 hits, 0 errors, 2 left on base; New Orleans 0 - Tacoma 0 |
| BOTTOM OF THE 1ST |
|
Tacoma Rainiers batting - Pitching for New Orleans Brass : LHP Trevor Wilson
|
|
Pitching: LHP Trevor Wilson
|
|
|
Batting: SHB Chad Fonville
|
0-0: Ball 1-0: Called Strike 1-1: Ball 2-1: Foul Ball, location: 2F 2-2: Strikes out swinging
|
|
Batting: RHB Jose Guillen
|
0-0: Ball 1-0: Foul Ball, location: 3F, Error on foul ball, E3 1-1: Ball 2-1: Called Strike 2-2: Strikes out looking
|
|
Batting: RHB Russ Davis
|
0-0: Ground out 1-4-3 (Groundball, 15S, EV 96.9 MPH)
|
| Bottom of the 1st over - 0 runs, 0 hits, 1 error, 0 left on base; New Orleans 0 - Tacoma 0 |
| TOP OF THE 2ND |
|
New Orleans Brass batting - Pitching for Tacoma Rainiers : RHP Mike Trombley
|
|
Batting: SHB Wilson Delgado
|
0-0: Called Strike 0-1: SINGLE (Flyball, 9S, EV 88.8 MPH)
|
|
Batting: LHB Greg Myers
|
0-0: Ball 1-0: Fielders Choice at 2nd, 6-4 (Groundball, 6M, EV 110.6 MPH)
|
|
Batting: LHB Bill Selby
|
0-0: Called Strike 0-1: Swinging Strike 0-2: Foul Ball, location: 2F 0-2: Strikes out swinging
|
|
Batting: RHB Luis Ordaz
|
0-0: Ball 1-0: Ball 2-0: Called Strike 2-1: Swinging Strike 2-2: Fielders Choice at 2nd, U4 (Groundball, 4M, EV 101.9 MPH)
|
| Top of the 2nd over - 0 runs, 1 hit, 0 errors, 1 left on base; New Orleans 0 - Tacoma 0 |
| BOTTOM OF THE 2ND |
|
Tacoma Rainiers batting - Pitching for New Orleans Brass : LHP Trevor Wilson
|
|
Batting: SHB Micah Franklin
|
0-0: Ball 1-0: Ball 2-0: Swinging Strike 2-1: Ground out 6-3 (Groundball, 6, EV 83.1 MPH)
|
|
Batting: LHB Chito Martinez
|
0-0: Ball 1-0: Called Strike 1-1: Ball 2-1: Swinging Strike 2-2: Ball 3-2: Ground out U3 (Groundball, 3L, EV 80.6 MPH)
|
|
Batting: RHB Eric Young
|
0-0: Ball 1-0: Called Strike 1-1: Ball 2-1: Ball 3-1: Base on Balls
|
|
Batting: LHB Daryl Boston
|
0-0: Ball 1-0: Ground out U3 (Groundball, 3, EV 103.8 MPH)
|
| Bottom of the 2nd over - 0 runs, 0 hits, 0 errors, 1 left on base; New Orleans 0 - Tacoma 0 |
| TOP OF THE 3RD |
|
New Orleans Brass batting - Pitching for Tacoma Rainiers : RHP Mike Trombley
|
|
Batting: SHB Cecil Espy
|
0-0: Ball 1-0: Ball 2-0: Bunted foul 2-1: Foul Ball, location: 2F 2-2: Strikes out swinging
|
|
Batting: RHB Dante Powell
|
0-0: Ball 1-0: Called Strike 1-1: SINGLE (Line Drive, 78S, EV 109.4 MPH)
|
|
Batting: SHB Jose L Cruz
|
0-0: Called Strike Dante Powell steals 2nd base 0-1: Ball 1-1: Called Strike 1-2: Strikes out swinging
|
|
Batting: RHB Carmelo Martinez
|
0-0: Called Strike 0-1: Swinging Strike 0-2: Ball 1-2: Ball 2-2: Foul Ball, location: 2F 2-2: SINGLE (Groundball, 56, EV 105.6 MPH) (infield hit) Dante Powell to third
|
|
Batting: SHB Jose Vidro
|
0-0: Swinging Strike 0-1: Ball 1-1: Fly out, F6 (Popup, 6D, EV 58.8 MPH)
|
| Top of the 3rd over - 0 runs, 2 hits, 0 errors, 2 left on base; New Orleans 0 - Tacoma 0 |
| BOTTOM OF THE 3RD |
|
Tacoma Rainiers batting - Pitching for New Orleans Brass : LHP Trevor Wilson
|
|
Batting: LHB Mario Valdez
|
0-0: Ball 1-0: Called Strike 1-1: Ball 2-1: Ball 3-1: Called Strike 3-2: Foul Ball, location: 2F 3-2: Base on Balls
|
|
Batting: LHB Greg O'Halloran
|
0-0: Called Strike 0-1: Ball 1-1: Ball 2-1: Foul Ball, location: 2F 2-2: Strikes out swinging
|
|
Batting: SHB Chad Fonville
|
0-0: Fielders Choice at 2nd, 5-4 (Groundball, 56, EV 81.9 MPH)
|
|
Batting: RHB Jose Guillen
|
0-0: Ball 1-0: Ball 2-0: Called Strike 2-1: SINGLE (Groundball, 3, EV 99.4 MPH) (infield hit) Chad Fonville to second
|
|
Batting: RHB Russ Davis
|
0-0: Ball Wild Pitch! Chad Fonville to third Jose Guillen to second 1-0: Called Strike 1-1: Called Strike 1-2: Ball 2-2: Foul Ball, location: 2F 2-2: Foul Ball, location: 2F 2-2: Ball 3-2: SINGLE (Line Drive, 3D, EV 98.8 MPH) Chad Fonville scores Jose Guillen to third Jose Guillen scores
|
|
Batting: SHB Micah Franklin
|
0-0: Ball 1-0: Swinging Strike 1-1: Swinging Strike 1-2: Fly out, F9 (Flyball, 89S, EV 85.6 MPH)
|
| Bottom of the 3rd over - 2 runs, 2 hits, 0 errors, 1 left on base; New Orleans 0 - Tacoma 2 |
| TOP OF THE 4TH |
|
New Orleans Brass batting - Pitching for Tacoma Rainiers : RHP Mike Trombley
|
|
Batting: SHB Wilson Delgado
|
0-0: Ball 1-0: Called Strike 1-1: Ball 2-1: Foul Ball, location: 2F 2-2: Foul Ball, location: 2F 2-2: Ball 3-2: Fly out, F7 (Flyball, 7, EV 84.4 MPH)
|
|
Batting: LHB Greg Myers
|
0-0: Ball 1-0: Swinging Strike 1-1: Ball 2-1: Foul Ball, location: 2F 2-2: DOUBLE (Line Drive, 78XD, EV 103.1 MPH)
|
|
Batting: LHB Bill Selby
|
0-0: Called Strike 0-1: Ball 1-1: SINGLE (Line Drive, 9S, EV 96.9 MPH) Greg Myers to third
|
|
Batting: RHB Luis Ordaz
|
0-0: Foul Ball, location: 2F 0-1: Foul Ball, location: 2F 0-2: Strikes out swinging
|
|
Batting: SHB Cecil Espy
|
0-0: Foul Ball, location: 2F 0-1: Ball 1-1: Fielders Choice at 2nd, 6-4 (Groundball, 56, EV 86.9 MPH)
|
| Top of the 4th over - 0 runs, 2 hits, 0 errors, 2 left on base; New Orleans 0 - Tacoma 2 |
| BOTTOM OF THE 4TH |
|
Tacoma Rainiers batting - Pitching for New Orleans Brass : LHP Trevor Wilson
|
|
Batting: LHB Chito Martinez
|
0-0: Called Strike 0-1: Ball 1-1: Ball 2-1: Called Strike 2-2: SINGLE (Line Drive, 7S, EV 111.3 MPH)
|
|
Batting: RHB Eric Young
|
0-0: Ball 1-0: Ball 2-0: Ball 3-0: Called Strike 3-1: Called Strike 3-2: Foul Ball, location: 2F 3-2: Foul Ball, location: 2F 3-2: SINGLE (Line Drive, 89S, EV 101.9 MPH) Chito Martinez to second
|
|
Batting: LHB Daryl Boston
|
0-0: Foul Ball, location: 2F 0-1: Fielders Choice at 2nd, 4-6 (Groundball, 4, EV 86.9 MPH) Chito Martinez to third
|
|
Batting: LHB Mario Valdez
|
0-0: Ball 1-0: Called Strike 1-1: Foul Ball, location: 2F 1-2: Ball 2-2: Grounds into double play, 4-6-3 (Groundball, 34, EV 101.9 MPH)
|
| Bottom of the 4th over - 0 runs, 2 hits, 0 errors, 1 left on base; New Orleans 0 - Tacoma 2 |
| TOP OF THE 5TH |
|
New Orleans Brass batting - Pitching for Tacoma Rainiers : RHP Mike Trombley
|
|
Batting: RHB Dante Powell
|
0-0: Ball 1-0: DOUBLE (Groundball, 5L, EV 108.1 MPH)
|
|
Batting: SHB Jose L Cruz
|
0-0: Ground out 2-3 (Groundball, 2L, EV 67.5 MPH) Dante Powell to third
|
|
Batting: RHB Carmelo Martinez
|
0-0: Ground out 5-3 (Groundball, 56S, EV 65.0 MPH) Dante Powell scores
|
|
Batting: SHB Jose Vidro
|
0-0: Swinging Strike 0-1: Ball 1-1: SINGLE (Line Drive, 8RS, EV 91.3 MPH)
|
|
Batting: SHB Wilson Delgado
|
0-0: Ball 1-0: Foul Ball, location: 2F 1-1: Called Strike 1-2: Ball 2-2: Fly out, F6 (Line Drive, 6, EV 73.8 MPH)
|
| Top of the 5th over - 1 run, 2 hits, 0 errors, 1 left on base; New Orleans 1 - Tacoma 2 |
| BOTTOM OF THE 5TH |
|
Tacoma Rainiers batting - Pitching for New Orleans Brass : LHP Trevor Wilson
|
|
Batting: LHB Greg O'Halloran
|
0-0: Ball 1-0: SINGLE (Groundball, 4M, EV 101.9 MPH) (infield hit)
|
|
Batting: SHB Chad Fonville
|
0-0: Ball 1-0: Sac Bunt to 13 - play at first, batter OUT! 1-4 Greg O'Halloran to second
|
|
Batting: RHB Jose Guillen
|
0-0: Called Strike
|
|
|
|
|
|
0-1: Ball 1-1: Ball 2-1: Ground out 6-3 (Groundball, 56, EV 105.0 MPH)
|
|
Pitching: RHP Todd Burns
|
|
|
Batting: RHB Russ Davis
|
0-0: Ground out 1-3 (Groundball, 34S, EV 79.4 MPH)
|
| Bottom of the 5th over - 0 runs, 1 hit, 0 errors, 1 left on base; New Orleans 1 - Tacoma 2 |
| TOP OF THE 6TH |
|
New Orleans Brass batting - Pitching for Tacoma Rainiers : RHP Mike Trombley
|
|
Pitching: RHP Carlos Reyes
|
|
|
Batting: LHB Greg Myers
|
0-0: Called Strike 0-1: Called Strike 0-2: Fly out, F7 (Line Drive, 7, EV 90.0 MPH)
|
|
Batting: LHB Bill Selby
|
0-0: Foul Ball, location: 2F 0-1: Swinging Strike 0-2: Foul Ball, location: 2F 0-2: Strikes out looking
|
|
Batting: RHB Luis Ordaz
|
0-0: Ball 1-0: Ball 2-0: Called Strike 2-1: Fly out, F7 (Flyball, 78S, EV 96.3 MPH)
|
| Top of the 6th over - 0 runs, 0 hits, 0 errors, 0 left on base; New Orleans 1 - Tacoma 2 |
| BOTTOM OF THE 6TH |
|
Tacoma Rainiers batting - Pitching for New Orleans Brass : RHP Todd Burns
|
|
Batting: SHB Micah Franklin
|
0-0: Foul Ball, location: 2F 0-1: Swinging Strike 0-2: Ball 1-2: Ball 2-2: SINGLE (Groundball, 34, EV 92.5 MPH) (infield hit)
|
|
Batting: LHB Chito Martinez
|
0-0: Ball 1-0: Swinging Strike 1-1: Called Strike 1-2: Strikes out looking
|
|
Batting: RHB Eric Young
|
0-0: Fly out, F7 (Flyball, 78D, EV 104.4 MPH)
|
|
Batting: LHB Daryl Boston
|
0-0: SINGLE (Groundball, 34, EV 103.8 MPH) (infield hit) Micah Franklin to second
|
|
Batting: LHB Mario Valdez
|
0-0: Ball 1-0: Swinging Strike 1-1: Called Strike 1-2: Ball 2-2: Strikes out swinging
|
| Bottom of the 6th over - 0 runs, 2 hits, 0 errors, 2 left on base; New Orleans 1 - Tacoma 2 |
| TOP OF THE 7TH |
|
New Orleans Brass batting - Pitching for Tacoma Rainiers : RHP Carlos Reyes
|
|
Batting: SHB Cecil Espy
|
0-0: Ball 1-0: Called Strike 1-1: Called Strike 1-2: Foul Ball, location: 2F 1-2: SINGLE (Groundball, 4MD, EV 98.1 MPH)
|
|
Batting: RHB Dante Powell
|
0-0: Ball 1-0: DOUBLE (Line Drive, 89M, EV 106.9 MPH) Cecil Espy to third
|
|
Batting: SHB Jose L Cruz
|
0-0: SINGLE (Flyball, 8RS, EV 94.4 MPH) Cecil Espy scores Dante Powell to third Runner from 3rd tries for Home, SAFE, no throw by CF
|
|
Pitching: RHP Greg McMichael
|
|
|
Batting: RHB Carmelo Martinez
|
0-0: Called Strike 0-1: Called Strike 0-2: Foul Ball, location: 2F 0-2: Ball 1-2: Foul Ball, location: 2F 1-2: Ball 2-2: Ball 3-2: SINGLE (Groundball, 34D, EV 97.5 MPH) Jose L Cruz to second Runner from 2nd tries for 3rd, SAFE, throw by RF made to third
|
|
Batting: SHB Jose Vidro
|
0-0: Foul Ball, location: 2F 0-1: Ball 1-1: Ball 2-1: Foul Ball, location: 2F 2-2: DOUBLE (Line Drive, 89D, EV 105.6 MPH) Jose L Cruz scores Carmelo Martinez to third Runner from 3rd tries for Home, SAFE, throw by RF to home
|
|
Batting: SHB Wilson Delgado
|
0-0: Ball 1-0: Ball 2-0: Ball 3-0: Called Strike 3-1: Base on Balls
|
|
Batting: LHB Greg Myers
|
0-0: Ball 1-0: Called Strike 1-1: Foul Ball, location: 2F 1-2: Grounds into double play, 6-4-3 (Groundball, 6M, EV 87.5 MPH) Jose Vidro to third
|
|
Pitching: LHP Jeff Wallace
|
|
|
Batting: LHB Bill Selby
|
0-0: Ball 1-0: Ball 2-0: Called Strike 2-1: SINGLE (Line Drive, 7LS, EV 104.4 MPH) Jose Vidro scores
|
|
Batting: RHB Luis Ordaz
|
0-0: Called Strike 0-1: Fly out, F8 (Flyball, 8RD, EV 92.5 MPH)
|
| Top of the 7th over - 5 runs, 6 hits, 0 errors, 1 left on base; New Orleans 6 - Tacoma 2 |
| BOTTOM OF THE 7TH |
|
Tacoma Rainiers batting - Pitching for New Orleans Brass : RHP Todd Burns
|
|
Batting: LHB Greg O'Halloran
|
0-0: Foul Ball, location: 2F 0-1: Fly out, F5 (Popup, 56, EV 78.1 MPH)
|
|
Batting: SHB Chad Fonville
|
0-0: Ground out 4-3 (Groundball, 4, EV 80.0 MPH)
|
|
Batting: RHB Jose Guillen
|
0-0: Ball 1-0: Swinging Strike 1-1: Ball 2-1: SINGLE (Flyball, 9LS, EV 93.1 MPH)
|
|
Batting: RHB Russ Davis
|
0-0: Called Strike 0-1: Fly out, F6 (Popup, 6, EV 61.9 MPH)
|
| Bottom of the 7th over - 0 runs, 1 hit, 0 errors, 1 left on base; New Orleans 6 - Tacoma 2 |
| TOP OF THE 8TH |
|
New Orleans Brass batting - Pitching for Tacoma Rainiers : LHP Jeff Wallace
|
|
Batting: SHB Cecil Espy
|
0-0: Ball 1-0: Ball 2-0: Swinging Strike 2-1: Ground out U3 (Groundball, 34, EV 99.4 MPH)
|
|
Batting: RHB Dante Powell
|
0-0: Called Strike 0-1: Ball 1-1: Foul Ball, location: 2F 1-2: Ball 2-2: Ball 3-2: Foul Ball, location: 2F 3-2: Base on Balls
|
|
Batting: SHB Jose L Cruz
|
0-0: Called Strike 0-1: Foul Ball, location: 2F 0-2: Ball 1-2: Strikes out swinging
|
|
Pitching: RHP Tavo Alvarez
|
|
|
Batting: RHB Carmelo Martinez
|
0-0: Swinging Strike 0-1: Called Strike 0-2: Foul Ball, location: 2F 0-2: Foul Ball, location: 2F 0-2: Ball 1-2: Ball Dante Powell steals 2nd base 2-2: Strikes out swinging
|
| Top of the 8th over - 0 runs, 0 hits, 0 errors, 1 left on base; New Orleans 6 - Tacoma 2 |
| BOTTOM OF THE 8TH |
|
Tacoma Rainiers batting - Pitching for New Orleans Brass : RHP Todd Burns
|
|
Batting: SHB Micah Franklin
|
0-0: Called Strike 0-1: Foul Ball, location: 2F 0-2: Ball 1-2: Ball 2-2: Foul Ball, location: 2F 2-2: Fly out, F8 (Line Drive, 8LM, EV 93.1 MPH)
|
|
Batting: LHB Chito Martinez
|
0-0: Foul Ball, location: 2F 0-1: SINGLE (Groundball, 6D, EV 109.4 MPH)
|
|
Batting: RHB Eric Young
|
0-0: Swinging Strike 0-1: SINGLE (Groundball, 56, EV 90.6 MPH) (infield hit) Chito Martinez to second
|
|
Batting: LHB Daryl Boston
|
0-0: Ball 1-0: Called Strike 1-1: Called Strike 1-2: Foul Ball, location: 2F 1-2: Ball 2-2: Fielders Choice at 2nd, 4-6 (Groundball, 4M, EV 85.0 MPH) Chito Martinez to third
|
|
Batting: LHB Mario Valdez
|
0-0: Ball 1-0: Foul Ball, location: 2F 1-1: Ball 2-1: Foul Ball, location: 2F 2-2: Ball 3-2: Hit by Pitch Daryl Boston to second
|
|
Batting: LHB Greg O'Halloran
|
0-0: Called Strike 0-1: Foul Ball, location: 2F 0-2: Foul Ball, location: 2F 0-2: Ball 1-2: Ball 2-2: SINGLE (Groundball, 4MD, EV 97.5 MPH) Chito Martinez scores Daryl Boston to third Mario Valdez to second Runner from 3rd tries for Home, SAFE, throw by CF to home
|
|
Pitching: LHP Tim Davis
|
|
|
Batting: SHB Chad Fonville
|
0-0: Ball 1-0: Ball 2-0: Called Strike 2-1: Called Strike 2-2: Strikes out looking
|
| Bottom of the 8th over - 2 runs, 3 hits, 0 errors, 2 left on base; New Orleans 6 - Tacoma 4 |
| TOP OF THE 9TH |
|
New Orleans Brass batting - Pitching for Tacoma Rainiers : RHP Tavo Alvarez
|
|
Batting: SHB Jose Vidro
|
0-0: Foul Ball, location: 2F 0-1: Called Strike 0-2: DOUBLE (Flyball, 89XD, EV 91.3 MPH)
|
|
Batting: SHB Wilson Delgado
|
0-0: Called Strike 0-1: Swinging Strike 0-2: SINGLE (Groundball, 56D, EV 108.1 MPH) Jose Vidro to third
|
|
Batting: LHB Greg Myers
|
0-0: Ball 1-0: Ball 2-0: Foul Ball, location: 2F 2-1: Swinging Strike 2-2: Grounds into double play, 6-4-3 (Groundball, 6M, EV 91.3 MPH) Jose Vidro scores
|
|
Batting: LHB Bill Selby
|
0-0: Ball 1-0: Called Strike 1-1: Ball 2-1: Foul Ball, location: 2F 2-2: Ball 3-2: Strikes out looking
|
| Top of the 9th over - 1 run, 2 hits, 0 errors, 0 left on base; New Orleans 7 - Tacoma 4 |
| BOTTOM OF THE 9TH |
|
Tacoma Rainiers batting - Pitching for New Orleans Brass : LHP Tim Davis
|
|
Now at 1B: Ruben Sierra
|
|
|
Batting: RHB Jose Guillen
|
0-0: Ball 1-0: Ball 2-0: Ball 3-0: Called Strike 3-1: Base on Balls
|
|
Batting: RHB Russ Davis
|
0-0: Ball 1-0: Swinging Strike 1-1: Grounds into double play, 5-4-3 (Groundball, 5S, EV 89.4 MPH)
|
|
Batting: SHB Micah Franklin
|
0-0: Ball 1-0: Reached on error, E1 (Groundball, 25, EV 93.1 MPH)
|
|
Batting: LHB Chito Martinez
|
0-0: Called Strike 0-1: Ball 1-1: Ball 2-1: Ball 3-1: Foul Ball, location: 2F 3-2: Strikes out swinging
|
| Bottom of the 9th over - 0 runs, 0 hits, 1 error, 1 left on base; New Orleans 7 - Tacoma 4 |
 |
|
Friday, January 30th, 2026 - OOTP Baseball 20.8 Build 74
|
|